 Dungeon Crawl Stone Soup version 0.17.2-1-ge4368a0 (webtiles) character file.

401 Goblin1989 the Cudgeler (level 6, 0/52 HPs)
             Began as a Draconian Fighter on Oct 4, 2016.
             Was a Follower of Okawaru.
             Slain by an orc
             ... wielding a +0 dagger
              (2 damage)
             ... on level 4 of the Dungeon.
             The game lasted 00:08:33 (3338 turns).

Goblin1989 the Cudgeler (Draconian Fighter)         Turns: 3338, Time: 00:08:33

Health: 0/52       AC:  7    Str: 26    XL:     6   Next: 54%
Magic:  6/6        EV: 10    Int:  8    God:    Okawaru [*.....]
Gold:   71         SH: 10    Dex: 10    Spells: 0 memorised, 5 levels left

rFire  . . .     SeeInvis .     a - +0 flail
rCold  . . .     Clarity  .     (armour unavailable)
rNeg   . . .     SustAt   .     b - +0 shield
rPois  .         Gourm    .     (helmet restricted)
rElec  .         Spirit   .     (no cloak)
rCorr  .         Warding  .     (no gloves)
rMut   .         Stasis   .     m - +0 pair of boots
MR     .....                    (no amulet)
Stlth  +.........               (no ring)
                                (no ring)

@: mighty, not resistant to hostile enchantments, very unstealthy
A: unfitting armour, cold-blooded, AC +6
a: Heroism, Renounce Religion


You were on level 4 of the Dungeon.
You worshipped Okawaru.
Okawaru was aware of your devotion.
You were not hungry.

You visited 1 branch of the dungeon, and saw 4 of its levels.

You collected 71 gold pieces.

Inventory:

Hand Weapons
 a - a +0 flail (weapon)
Armour
 b - a +0 shield (worn)
 m - a +0 pair of boots (worn)
 r - a +0 cloak
Wands
 s - a wand of slowing (28)
Scrolls
 e - a scroll of immolation {unknown}
 f - 2 scrolls of remove curse {unknown}
 g - 2 scrolls of teleportation {unknown}
 h - 3 scrolls of identify {unknown}
 i - a scroll of blinking {unknown}
 k - a scroll of recharging {unknown}
Potions
 n - 2 potions of curing {unknown}
 p - a potion of invisibility {unknown}
 t - a potion of agility {unknown}
Comestibles
 d - 5 bread rations
 j - 2 fruits
 l - 2 meat rations
 o - a beef jerky
 q - a slice of pizza


   Skills:
 + Level 4.1 Fighting
 * Level 6.0 Maces & Flails
 + Level 3.2 Dodging
 + Level 3.6 Shields


You had 5 spell levels left.
You didn't know any spells.

Dungeon Overview and Level Annotations

Branches:
Dungeon (4/15)
 Temple: D:4-7

Altars:
Okawaru


Innate Abilities, Weirdness & Mutations

Your plain brown scales are hard (AC +6).
Your body does not fit into most forms of armour.
You are cold-blooded and may be slowed by cold attacks.


Message History

Your Maces & Flails skill increases to level 6!
The orc hits you but does no damage.
Your shield prevents you from hitting the orc priest.
Your tail-slap misses the orc priest.
The orc hits you but does no damage. The orc priest hits you.
You take 1 damage, and have 28/52 hp.
You hit the orc priest.
The orc priest is moderately wounded.
You block the orc's attack. The orc priest barely misses you.
You hit the orc priest.
The orc priest is heavily wounded.
The orc hits you but does no damage.
The orc priest invokes the aid of Beogh against you.
Something smites you!
* * * LOW HITPOINT WARNING * * *
The orc priest mumbles some strange prayers to Beogh against you.
Something smites you!
* * * LOW HITPOINT WARNING * * *
The orc hits you with a dagger.
You die... ਜਜਜ ਜ.ਜ ਜ... ਜ.ਜ ਜ.ਜਜ ਜ.ਜ ਜ.ਜ ਜ.ਜ ਜ.ਜ ਜ.ਜ ਜ.ਜ ਜoਜ ਜ>ਜਜ ਜoਜਜਜ

ਜਜਜਜਜਜ.ਜ.
ਜ.ਜਜਜਜ@o.ਜਜਜਜਜਜ........
ਜ.................ਜਜਜਜ^
ਜਜਜਜਜਜਜਜ.ਜਜਜਜਜਜ...ਜ ਜ.
ਜ.ਜ


ਜਜਜਜਜ ਜ. ਜ.ਜ ਜਜ ਜ.ਜ ਜਜਜਜਜਜ ਜ.. ...... ਜਜਜ ਜਜਜਜਜਜ You could see 2 orc priests and
an orc.

Vanquished Creatures
  Sigmund (D:3)
  An orc priest (D:4)
  Natasha (twice) (D:3)
  A worker ant (D:4)
  7 adders
  An ooze (D:1)
  2 worms (D:3)
  3 giant geckos (D:3)
  14 orcs (D:3)
  7 giant cockroaches
  7 goblins
  5 hobgoblins
  4 jackals (D:3)
  6 bats
  4 giant newts (D:2)
  7 kobolds
  A quokka (D:2)
  3 rats
76 creatures vanquished.

Notes
Turn   | Place    | Note
--------------------------------------------------------------
     0 | D:1      | Goblin1989 the Draconian Fighter began the quest for the Orb.
     0 | D:1      | Reached XP level 1. HP: 19/19 MP: 1/1
   123 | D:1      | Reached XP level 2. HP: 15/26 MP: 2/2
   798 | D:2      | Reached XP level 3. HP: 31/31 MP: 3/3
  1258 | D:2      | Reached skill level 4 in Maces & Flails
  1433 | D:2      | Found an iron altar of Okawaru.
  1441 | D:2      | Became a worshipper of Warmaster Okawaru
  1986 | D:3      | Reached XP level 4. HP: 28/38 MP: 4/4
  2120 | D:3      | Noticed Natasha
  2140 | D:3      | Killed Natasha
  2186 | D:3      | Reached skill level 5 in Maces & Flails
  2500 | D:3      | Reached XP level 5. HP: 29/45 MP: 5/5
  2897 | D:3      | Noticed Sigmund
  2904 | D:3      | Killed Sigmund
  2904 | D:3      | Reached XP level 6. HP: 46/52 MP: 6/6
  3079 | D:3      | Noticed Natasha
  3089 | D:3      | Killed Natasha
  3240 | D:4      | Reached * piety under Okawaru
  3335 | D:4      | Reached skill level 6 in Maces & Flails
  3338 | D:4      | HP: 2/52 [orc priest/divine providence (13)]
  3338 | D:4      | Slain by an orc

Action                   |  1- 3 |  4- 6 || total
-------------------------+-------+-------++-------
Melee: Flail             |   127 |   134 ||   261
  Use: Potion            |       |     2 ||     2
 Stab: Sleeping          |     2 |       ||     2
  Eat: Chunk             |     3 |     5 ||     8

Vault maps used:
D:1:      sevenhm_arrival_forest_fort_small_5
D:2:      first_bread, kennysheep_okawaru_gauntlet
D:3:      uniq_sigmund, uniq_natasha
D:4:      kennysheep_kobold_camp, temple_hall,
          nicolae_gozag_cash_rules_everything_around_me
